 Dungeon Crawl Stone Soup version 0.16.1-14-g82efdee (webtiles) character file.

527 KarvaRausku the Chopper (level 7, -3/46 HPs)
             Began as a Human Fighter on Apr 14, 2015.
             Was a Follower of Okawaru.
             Slain by an ufetubus (4 damage)
             ... summoned by Eustachio
             ... on level 4 of the Dungeon.
             The game lasted 00:05:25 (3493 turns).

KarvaRausku the Chopper (Human Fighter)             Turns: 3493, Time: 00:05:25

Health: -3/46      AC: 12    Str: 21      XL:     7   Next: 47%
Magic:  7/7        EV:  3    Int:  8      God:    Okawaru [*.....]
Gold:   230        SH:  9    Dex: 10 (12) Spells: 0 memorised, 6 levels left

rFire  . . .     SeeInvis .     a - +0 war axe
rCold  . . .     Rnd*Rage +     t - +0 plate armour
rNeg   . . .     SustAb   .     c - +0 shield
rPois  .         Gourm    .     j - +0 helmet
rElec  .         Spirit   .     (no cloak)
rCorr  .         Warding  .     (no gloves)
rMut   .         Stasis   .     (no boots)
MR     .....                    (no amulet)
Stlth  ..........               (no ring)
                                (no ring)

@: not resistant to hostile enchantments, extremely unstealthy
A: berserk 1, frail 1, strong 1, wild magic 1
a: Heroism, Renounce Religion


You were on level 4 of the Dungeon.
You worshipped Okawaru.
Okawaru was aware of your devotion.
You were not hungry.

You visited 1 branch of the dungeon, and saw 4 of its levels.

You collected 230 gold pieces.

Inventory:

Hand weapons
 a - a +0 war axe (weapon)
Armour
 b - a cursed +0 scale mail
 c - a +0 shield (worn)
 j - a +0 helmet (worn)
 t - a +0 plate armour (worn)
Scrolls
 f - 2 scrolls of teleportation
 g - a scroll of immolation {unknown}
 i - 7 scrolls of identify {unknown}
 k - a scroll of fear {unknown}
 l - 2 scrolls of fog {unknown}
 m - 2 scrolls of remove curse {unknown}
 n - a scroll of recharging {unknown}
Potions
 e - a potion of might
 h - a potion of invisibility {unknown}
 s - a potion of resistance {unknown}
 u - a potion of berserk rage {unknown}
Books
 o - a book of Debilitation

   Spells                             Type                      Level
   a - Corona                         Hexes                        1
   b - Slow                           Hexes                        2
   c - Inner Flame                    Hexes/Fire                   3
   d - Enslavement                    Hexes                        4
   e - Cause Fear                     Hexes                        4
   f - Leda's Liquefaction            Hexes/Earth                  4
Comestibles
 d - 3 bread rations
 p - a beef jerky
 q - a meat ration
 r - a chunk of flesh


   Skills:
 - Level 3.0 Fighting
 + Level 7.7 Axes
 - Level 3.0 Armour
 - Level 3.0 Shields


You had 6 spell levels left.
You didn't know any spells.

Dungeon Overview and Level Annotations

Branches:
Dungeon (4/15)             Temple (0/1) D:4

Altars:
Cheibriados
Nemelex Xobeh
Okawaru

Annotations:
D:4 Eustachio


Innate Abilities, Weirdness & Mutations

You tend to lose your temper in combat.
You are frail (-10% HP).
Your muscles are strong. (Str +2)
Your spells are a little harder to cast, but a little more powerful.


Message History

Eustachio gestures wildly while chanting.
Eustachio blinks!
You block the rat's attack.
The ufetubus hits you but does no damage.
You block the ufetubus' attack. You block the rat's attack.
You closely miss Eustachio.
Eustachio is almost dead.
You hit the rat.
You kill the rat!
The rat's corpse disappears in a puff of smoke!
You completely miss the ufetubus.
The ufetubus is severely wounded.
You block the ufetubus' attack. The ufetubus barely misses you.
Eustachio hits you with a falchion.
* * * LOW HITPOINT WARNING * * *
The white imp gestures at you. The puff of frost hits you!
The ufetubus hits you but does no damage.
The ufetubus hits you.
You die...

##+##
..####+###...##
........r.....+
........@55...#
.........@ยง5...#.
..##....####.##..
#...(#######.#
#.....).# #.#
#.......# #.#
+.....).####.#
#.....)......#
#......#.#...#
........#.#.#..#


You could see Eustachio, an iron imp, a white imp, an ufetubus and a rat.

Vanquished Creatures
  Menkaure (D:4)
  A necrophage (D:4)
  Duvessa (D:4)
  A scorpion (D:4)
  Dowan (D:4)
  A quasit (D:4)
  2 orc priests (D:3)
  A gnoll (D:1)
  4 adders
  A river rat (D:4)
  A shadow imp (D:4)
  A white imp (D:4)
  A worm (D:3)
  An ufetubus (D:4)
  A giant gecko (D:2)
  An ooze (D:1)
  6 orcs (D:3)
  5 giant cockroaches
  8 goblins
  10 hobgoblins
  4 jackals (D:3)
  3 kobolds
  2 quokkas (D:3)
  A ball python (D:1)
  2 bats
  6 giant newts
  11 rats
78 creatures vanquished.

Notes
Turn   | Place    | Note
--------------------------------------------------------------
     0 | D:1      | KarvaRausku, the Human Fighter, began the quest for the Orb.
     0 | D:1      | Reached XP level 1. HP: 18/18 MP: 1/1
   119 | D:1      | Reached XP level 2. HP: 24/24 MP: 2/2
   448 | D:1      | Reached XP level 3. HP: 29/29 MP: 3/3
   724 | D:2      | Gained mutation: You are frail (-10% HP). [potion of mutation]
   724 | D:2      | Gained mutation: Your spells are a little harder to cast, but a little more powerful. [potion of mutation]
   724 | D:2      | Gained mutation: You tend to lose your temper in combat. [potion of mutation]
   836 | D:2      | Found a snail-covered altar of Cheibriados.
  1048 | D:2      | Gained mutation: Your muscles are strong. (Str +2) [potion of mutation]
  1048 | D:2      | Gained mutation: Your mind is acute. (Int +2) [potion of mutation]
  1252 | D:3      | Reached XP level 4. HP: 31/31 MP: 4/4
  1260 | D:3      | Reached skill level 4 in Axes
  1393 | D:3      | Found a sparkling altar of Nemelex Xobeh.
  1424 | D:3      | Found an iron altar of Okawaru.
  1446 | D:3      | Became a worshipper of Warmaster Okawaru
  2000 | D:3      | Reached XP level 5. HP: 29/36 MP: 5/5
  2010 | D:3      | Reached skill level 5 in Axes
  2548 | D:4      | Acquired Okawaru's first power
  2548 | D:4      | Reached XP level 6. HP: 33/42 MP: 6/6
  2585 | D:4      | Noticed a necrophage
  2606 | D:4      | Killed a necrophage
  2606 | D:4      | Reached skill level 6 in Axes
  2889 | D:4      | Noticed Menkaure
  2891 | D:4      | Found an iron altar of Okawaru.
  2899 | D:4      | Killed Menkaure
  2899 | D:4      | Reached skill level 7 in Axes
  2899 | D:4      | Reached XP level 7. HP: 15/46 MP: 7/7
  3122 | D:4      | Noticed Duvessa
  3122 | D:4      | Noticed Dowan
  3142 | D:4      | Lost mutation: Your mind is acute. (Int +2) [potion of mutation]
  3342 | D:4      | Found a staircase to the Ecumenical Temple.
  3375 | D:4      | Noticed Eustachio
  3405 | D:4      | Killed Duvessa
  3410 | D:4      | Killed Dowan
  3493 | D:4      | HP: 1/46 [Eustachio/falchion (2)]
  3493 | D:4      | Slain by an ufetubus

Action                   |  1- 3 |  4- 6 |  7- 9 || total
-------------------------+-------+-------+-------++-------
Melee: War axe           |    66 |   146 |    72 ||   284
  Use: Potion            |     2 |       |     2 ||     4
       Scroll            |       |     1 |     1 ||     2
  Eat: Chunk             |       |     6 |     3 ||     9
